 Dungeon Crawl Stone Soup version 0.31.0-11-ge490571c62 (webtiles) character file.

Game seed: 15019287223059573011

218 firemarshallily the Chopper (level 5, 0/42 HPs)
             Began as a Demonspawn Gladiator on Feb 7, 2024.
             Killed by divine providence
             ... invoked by an orc priest
              (15 damage)
             ... on level 3 of the Dungeon.
             The game lasted 00:06:06 (1693 turns).

firemarshallily the Chopper (Demonspawn Gladiator)  Turns: 1693, Time: 00:06:07

Health: 0/42       AC:  7    Str: 17    XL:     5   Next: 63%
Magic:  5/5        EV: 12    Int:  8    God:
Gold:   103        SH:  0    Dex: 14    Spells: 4/4 levels left

rFire   . . .        a - +0 war axe
rCold   . . .        (no shield)
rNeg    . . .        b - +0 leather armour
rPois   .            c - +0 helmet
rElec   .            (no cloak)
rCorr   .            r - +0 pair of gloves
SInv    .            (no boots)
Will    .....        (no amulet)
Stlth   +            (no ring)
HPRegen 0.27/turn    (no ring)
MPRegen 0.09/turn

%: no passive effects
@: no status effects
A: yellow scales 1, demonic guardian 1, foul stench 1
a: no special abilities


You were on level 3 of the Dungeon.
You visited 1 branch of the dungeon, and saw 3 of its levels.

You collected 103 gold pieces.

Inventory:

Hand Weapons
 a - a +0 war axe (weapon)
Missiles
 d - 3 throwing nets (quivered)
 e - a javelin
 g - 5 darts of dispersal
 o - 6 poisoned darts
Armour
 b - a +0 leather armour (worn)
 c - a +0 helmet (worn)
 q - a +0 scale mail
 r - a +0 pair of gloves (worn)
Scrolls
 f - a scroll of teleportation {unknown}
 h - 2 scrolls of noise {unknown}
 i - a scroll of blinking {unknown}
 l - a scroll of revelation {unknown}
 m - a scroll of identify {unknown}
 n - a scroll of immolation {unknown}
 s - a scroll of fear {unknown}
Potions
 j - a potion of mutation {unknown}
 k - a potion of cancellation {unknown}
 p - a potion of enlightenment {unknown}


   Skills:
 * Level 4.1 Fighting
 * Level 4.2 Axes
 - Level 1.7 Throwing
 + Level 1.9 Armour
 - Level 2.6 Dodging


You had 4 spell levels left.
You didn't know any spells.
Your spell library was empty.

Dungeon Overview and Level Annotations

Branches:
Dungeon (3/15)

Altars:
Qazlal


Innate Abilities, Weirdness & Mutations

You are partially covered in yellow scales. (AC +2)
A weak demonic guardian rushes to your aid.
You may rarely emit foul miasma when damaged in melee.


Message History

The orc priest shouts!
You hear a shout!
An orc comes into view. It is wielding a +0 morningstar.
An orc comes into view. It is wielding a +0 hand axe.
Found an escape hatch in the ceiling.
The orc shouts!
The orc priest calls down the wrath of Beogh upon you.
Pain shoots through your body!
The orc priest invokes the aid of Beogh against you.
You barely resist.
You hit the orc priest but do no damage.
You closely miss the orc.
The orc priest hits you with a +0 hand axe.
The orc misses you.
You hit the orc priest.
The orc priest is moderately wounded.
You barely miss the orc.
The orc priest invokes the aid of Beogh against you.
Pain shoots through your body! The orc closely misses you.
The orc barely misses you. The orc hits you with a +0 morningstar.
The orc priest barely misses you.
You closely miss the orc priest.
The orc priest is moderately wounded.
You barely miss the orc. You hit the orc but do no damage.
The orc priest barely misses you. The orc barely misses you.
The orc misses you.
You closely miss the orc priest.
The orc priest is moderately wounded.
You closely miss the orc. You completely miss the orc.
The orc closely misses you.
The orc priest hits you but does no damage.
The orc closely misses you.
You hit the orc priest.
The orc priest is heavily wounded.
You hit the orc. You slash the orc!
You kill the orc!
The orc priest barely misses you. The orc misses you.
The orc hits you but does no damage.
The orc priest invokes the aid of Beogh against you.
Beogh smites you!
You die...

.. ... # .##.....
##...#.##..##..##.....
.......#..##..##.....
#...#...<............ #
#...#.##..###.##.###.
#.##....................
.......#.##..##..##.###.
#.....$..##.........###.
#.....o@.....##..##.....
#.....o.................
#.##..##.##..#>.....###.
#.. #.##.....###.###)
... #.##..#..........
.<.. .................
..## #.....#...##.#.#.
#. ####.........#.#.
#####...)..##.....


You could see an orc priest and an orc.

Vanquished Creatures
  An orc priest (D:2)
  2 orc wizards
  Robin (D:2)
  3 gnolls (D:3)
  2 adders
  A dart slug (D:2)
  3 orcs (D:3)
  4 ball pythons (D:2)
  6 endoplasms
  3 giant cockroaches
  17 goblins
  9 hobgoblins
  2 jackals (D:1)
  A quokka (D:1)
  6 bats
  5 frilled lizards
  A kobold (D:2)
  8 rats
75 creatures vanquished.

Notes
Turn   | Place    | Note
-------+----------+-------------------------------------------
     0 | D:1      | firemarshallily the Demonspawn Gladiator began the quest
                  | for the Orb.
     0 | D:1      | Reached XP level 1. HP: 16/16 MP: 1/1
   182 | D:1      | Gained mutation: A weak demonic guardian rushes to your
                  | aid. [demonic ancestry]
   182 | D:1      | Reached XP level 2. HP: 22/23 MP: 2/2
   607 | D:2      | Reached XP level 3. HP: 28/28 MP: 3/3
   760 | D:2      | Reached skill level 1 in Armour
   963 | D:2      | Noticed Robin
   992 | D:2      | Killed Robin
   993 | D:2      | Gained mutation: You are partially covered in yellow
                  | scales. (AC +2) [demonic ancestry]
   993 | D:2      | Reached XP level 4. HP: 26/34 MP: 4/4
  1349 | D:2      | Gained mutation: You may rarely emit foul miasma when
                  | damaged in melee. [demonic ancestry]
  1349 | D:2      | Reached XP level 5. HP: 18/42 MP: 5/5
  1496 | D:3      | Found a stormy altar of Qazlal.
  1693 | D:3      | Killed from afar by an orc priest

Illustrated notes

Levels and vault maps discovered:
D:1:      amcnicky_arrival_gap_in_the_tavern_cellar, layout_basic
D:2:      layout_loops_ring, uniq_robin
D:3:      layout_basic, mainiacjoe_overflow_small_starburst, serial_shops, shop,
          nicolae_figureground_pulse, uniq_crazy_yiuf_cottage

Skill      XL: |  1  2  3  4  5 |
---------------+----------------+-----
Axes           | 3 4 |  4.2
Armour         | 1 |  1.9
Fighting       | 3 4 |  4.1
Throwing       | |  1.7
Dodging        | |  2.6

Action                     |  1- 3 |  4- 6 || total
---------------------------+-------+-------++-------
  Melee: War axe           |   144 |    61 ||   205
  Throw: Javelin           |     1 |       ||     1
    Use: Potion            |     1 |       ||     1
 Armour: Leather armour    |    89 |    51 ||   140
  Dodge: Dodged            |   106 |    58 ||   164
